AoeStats
← demirler_07

Arabia

510601852Analyzed
1v1 RM · 2d ago on Oct 1, 2026· 69m 7s· 2 players
Game mode
Random Map
Map size
Tiny (2 player)
Population
200
Speed
Normal
Resources
Standard
Victory
Conquest
Starting age
Dark Age
Ending age
Imperial Age
RankedLock teamsTeams togetherTeam positionsShared explorationLock speedFull tech treeHidden civsTurbo modeCheats
Victory
Defeat
🇹🇷 Chinese · Türkiye
1043
+16
🇨🇱 Varangians · Chile
1040
-16
papayoint
5:35 Loom
8:26 Feudal Age
9:11 Double-Bit Axe
16:29 Bloodlines
22:35 Castle Age
21:10 Horse Collar
25:32 Elite Skirmisher
27:18 Scale Barding Armor
30:56 Fletching
31:42 Forging
33:35 Scale Mail Armor
38:03 Arson
40:43 Chain Mail Armor
43:16 Iron Casting
44:59 Bodkin Arrow
45:48 Wheelbarrow
50:20 Imperial Age
54:42 Squires
54:28 Gambesons
55:54 Plate Mail Armor
55:41 Bow Saw
55:15 Elite Varangian Guard
60:02 Husbandry
62:27 Two-Man Saw
62:02 Bracer
62:03 Padded Archer Armor
65:55 Leather Archer Armor
67:30 Ballistics
demirler_07
0:27 Loom
11:07 Feudal Age
17:46 Castle Age
16:15 Double-Bit Axe
19:01 Bow Saw
19:29 Wheelbarrow
18:45 Horse Collar
21:49 Crossbowman
23:42 Fletching
24:16 Padded Archer Armor
24:16 Gold Mining
28:58 Pikeman
29:44 Scale Mail Armor
32:07 Chain Mail Armor
33:11 Bodkin Arrow
33:41 Heavy Plow
36:32 Ballistics
38:48 Thumb Ring
39:38 Leather Archer Armor
41:07 Stone Mining
47:07 Imperial Age
46:02 Forging
47:12 Capped Ram
47:24 Arbalester
47:27 Halberdier
49:37 Bracer
53:58 Chemistry
58:45 Conscription
59:05 Elite Chu Ko Nu
60:32 Ring Archer Armor
60:32 Plate Mail Armor
65:29 Iron Casting
Connection lost

Rejoining the realm…

Still unreachable

The connection could not be restored.

Session expired

The server has moved on; the page needs a fresh start.